AoeStats
← Rob

Arabia

503415263Analyzed
1v1 RM · 1mo ago on Aug 31, 2026· 63m 54s· 2 players
Game mode
Random Map
Map size
Tiny (2 player)
Population
200
Speed
Normal
Resources
Standard
Victory
Conquest
Starting age
Dark Age
Ending age
Imperial Age
RankedLock teamsTeams togetherTeam positionsShared explorationLock speedFull tech treeHidden civsTurbo modeCheats
Victory
Defeat
🇺🇸 Spanish · United States
503
+19
🇭🇰 Mongols · Hong Kong SAR China
576
-19
Rob
7:43 Loom
11:02 Feudal Age
11:52 Horse Collar
14:03 Double-Bit Axe
18:40 Wheelbarrow
20:23 Bloodlines
20:59 Scale Barding Armor
21:05 Forging
26:21 Castle Age
33:04 Bow Saw
33:02 Husbandry
34:54 Fervor
35:06 Sanctity
34:58 Redemption
34:52 Gold Mining
34:55 Stone Mining
36:10 Arson
35:56 Pikeman
36:22 Gambesons
36:39 Squires
37:02 Hand Cart
36:35 Town Watch
41:48 Imperial Age
39:28 Town Patrol
39:31 Atonement
40:46 Fletching
41:17 Chain Barding Armor
41:34 Iron Casting
41:21 Murder Holes
41:47 Ballistics
41:38 Masonry
42:06 Inquisition
42:24 Sappers
43:15 Conscription
42:28 Capped Ram
44:18 Chemistry
42:44 Halberdier
43:27 Bodkin Arrow
44:08 Plate Barding Armor
43:34 Scale Mail Armor
44:33 Supremacy
46:06 Two-Man Saw
49:08 Theocracy
48:59 Illumination
48:51 Block Printing
63:41 Bombard Tower
Demo
0:30 Loom
10:49 Feudal Age
14:42 Horse Collar
14:51 Double-Bit Axe
18:14 Stone Mining
19:17 Gold Mining
22:53 Castle Age
28:50 Heavy Plow
30:45 Pikeman
33:38 Fletching
35:35 Squires
36:40 Murder Holes
36:57 Masonry
40:23 Imperial Age
39:15 Wheelbarrow
39:33 Husbandry
40:56 Bloodlines
42:48 Conscription
45:39 Hoardings
46:23 Bodkin Arrow
47:52 Elite Mangudai
48:59 Hand Cart
49:34 Bracer
51:27 Gold Shaft Mining
51:28 Stone Shaft Mining
51:07 Scale Barding Armor
51:15 Forging
52:17 Light Cavalry
52:54 Hussar
57:31 Town Watch
Connection lost

Rejoining the realm…

Still unreachable

The connection could not be restored.

Session expired

The server has moved on; the page needs a fresh start.